 Dungeon Crawl Stone Soup version 0.24.0-1-gfbc8707122 (webtiles) character file.

Game seed: 11617804997675068777, levelgen mode: deterministic

6230 Madoushi the Geomancer (level 10, -9/58 HPs)
             Began as a Gargoyle Earth Elementalist on Oct 28, 2019.
             Was a Follower of Ashenzari.
             Killed by divine providence
             ... invoked by an orc priest
              (13 damage)
             ... on level 10 of the Dungeon.
             The game lasted 00:35:47 (10696 turns).

Madoushi the Geomancer (GrEE)                      Turns: 10696, Time: 00:35:47

Health: -9/58      AC: 19    Str: 16    XL:     10   Next: 92%
Magic:  18/28      EV: 13    Int: 18    God:    Ashenzari [*.....]
Gold:   521        SH:  4    Dex: 10    Spells: 21/22 levels left

rFire    + + .     SeeInvis .   u - +3 mace of Ycepsoul {elec, *Contam rPois rF++ Stlth+} (curse)
rCold    . . .     Gourm    .   (no shield)
rNeg     + + .     Faith    .   w - +3 leather armour "Cagiepn" {+Fly MP+9 Str+3}
rPois    ∞         Spirit   .   (no helmet)
rElec    +         Reflect  +   D - +0 cloak (curse)
rCorr    .         Harm     .   (no gloves)
MR       .....                  o - +1 pair of boots
Stlth    +++++.....             I - +4 amulet of reflection
HPRegen  0.19/turn              p - +2 ring of protection
MPRegen  0.21/turn              y - ring "Peqoucae" {rPois rN+ Stlth+}

@: no status effects
A: negative energy resistance 1, electricity resistance, unbreathing,
petrification resistance, rot immunity, AC +7
a: Curse Item, Scrying, Renounce Religion, Evoke Flight


You were on level 10 of the Dungeon.
You worshipped Ashenzari.
Ashenzari was aware of your devotion.
You were hungry.

You visited 2 branches of the dungeon, and saw 11 of its levels.

You collected 521 gold pieces.

Inventory:

Hand Weapons
 u - the cursed +3 mace of Ycepsoul (weapon) {elec, *Contam rPois rF++ Stlth+}
   (You found it on level 4 of the Dungeon)

   Occasionally, upon striking a foe, it will discharge some electrical energy
   and cause terrible harm.
   It greatly protects you from fire.
   It protects you from poison.
   It causes magical contamination when unequipped.
   It makes you more stealthy.
   It has a curse placed upon it.
Armour
 c - a +0 robe
 l - a +0 plate armour
 o - a +1 pair of boots (worn)
 w - the +3 leather armour "Cagiepn" (worn) {+Fly MP+9 Str+3}
   (You found it on level 4 of the Dungeon)

   It affects your strength (+3).
   It affects your magic capacity (+9).
   It lets you fly.
 D - a cursed +0 cloak (worn)
Jewellery
 p - a +2 ring of protection (left hand)
 y - the ring "Peqoucae" (right hand) {rPois rN+ Stlth+}
   (You found it on level 5 of the Dungeon)

   [ring of positive energy]

   It protects you from poison.
   It protects you from negative energy.
   It makes you more stealthy.
 B - an uncursed ring of flight
 I - a +4 amulet of reflection (around neck)
Wands
 n - a wand of disintegration (1)
 E - a wand of polymorph (4)
 H - a wand of enslavement (15)
 J - a wand of paralysis (6)
Scrolls
 a - 4 scrolls of remove curse
 h - 3 scrolls of enchant armour
 i - 3 scrolls of teleportation
 m - 4 scrolls of amnesia
 q - 5 scrolls of identify
 t - a scroll of immolation
 G - a scroll of fear
 L - a scroll of acquirement {unknown}
Potions
 d - 3 potions of brilliance
 e - a potion of might {unknown}
 f - 2 potions of curing
 g - 4 potions of degeneration
 k - 2 potions of magic {unknown}
 r - 3 potions of lignification {unknown}
 s - a potion of agility {unknown}
 v - 3 potions of heal wounds {unknown}
 x - 2 potions of haste {unknown}
 z - 5 potions of mutation {unknown}
 A - 3 potions of flight {unknown}
 C - a potion of berserk rage {unknown}
 F - a potion of resistance {unknown}
 K - a potion of invisibility {unknown}
Comestibles
 j - 18 rations


   Skills:
 + Level 4.9 Fighting
 + Level 7.5 Maces & Flails
 + Level 4.4 Armour
 + Level 5.1 Dodging
 + Level 6.7 Stealth
 + Level 3.5 Unarmed Combat
 + Level 6.5 Spellcasting
   Level 0.7 Transmutations
 + Level 8.1 Earth Magic
 + Level 1.4 Evocations


You had 21 spell levels left.
You knew the following spells:

 Your Spells              Type           Power        Failure   Level  Hunger
a - Sandblast             Erth           #####.       1%          1    None

Your spell library contained the following spells:

 Spells                   Type           Power        Failure   Level  Hunger
 Passwall                 Tmut/Erth      ###.....     3%          2    None
 Stone Arrow              Conj/Erth      ###...       8%          3    ##.....
 Flame Tongue             Conj/Fire      #....        14%         1    None
 Lee's Rapid Deconstruct  Erth           #####.....   14%         5    #####..
 Throw Flame              Conj/Fire      #.....       21%         2    None
 Petrify                  Tmut/Erth      ###.....     22%         4    ####...
 Conjure Flame            Conj/Fire      #.......     38%         3    ##.....
 Inner Flame              Hex/Fire       #.......     38%         3    ##.....
 Sticky Flame             Conj/Fire      #.......     80%         4    ####...
 Fireball                 Conj/Fire      #.........   98%         5    #####..


Dungeon Overview and Level Annotations

Branches:
Dungeon (10/15)            Temple (1/1) D:7            Lair (0/6) D:8
    Orc (0/2) D:10

Altars:
Ashenzari
Cheibriados
Dithmenos
Elyvilon
Fedhas
Gozag
Hepliaklqana
Kikubaaqudgha
Makhleb
Nemelex Xobeh
Okawaru
Qazlal
Ru
Sif Muna
Trog
Uskayaw
Vehumet
Wu Jian
Xom
Yredelemnul
Zin
The Shining One
Jiyva

Annotations:
D:10 Snorg


Innate Abilities, Weirdness & Mutations

You are resistant to torment.
Your stone body is resilient. (AC +7)
You are immune to poison.
You resist negative energy. (rN+)
You are resistant to electric shocks. (rElec)
You can survive without breathing.
You are immune to petrification.
You are immune to rotting.


Message History

Aiming: Sandblast (safe; 1% risk of failure)
Press: ? - help, Shift-Dir - straight line, f - Snorg
Aim: Snorg (berserk, fast, unusually strong)
You don't have any stones to cast with.
You feel better. Snorg bites you!!
* * * LOW HITPOINT WARNING * * *
Snorg claws you but does no damage. Snorg misses you.
The orc priest calls down the wrath of Beogh upon you.
Beogh smites you!
* * * LOW HITPOINT WARNING * * *
Evoke which item? (* to show all) (? for menu, Esc to quit)
Aiming: Paralyse
Press: ? - help, Shift-Dir - straight line, f/p - Snorg
Aim: Snorg (berserk, fast, unusually strong, chance to defeat MR: 18%) Snorg suddenly stops moving!
The orc priest looks encouraged for a moment.
The phantom blinks!
The orc priest calls down the wrath of Beogh upon you.
Beogh smites you!
You die...

####
#####(.############
###...<......#......#
....<.........#######
..............##
....(..........#
...............#
...............####
.)..............@.##
.............<###..#
.............## ##.##
............## #..#
...........## ##.##
#.........## #..#
.......#### ###T###
(#####..#


#ZZoZZ# .# #..# #.Z..ZZ8Z.Z...# You could see Snorg (berserk), an orc priest and
a hobgoblin zombie.

Vanquished Creatures
  Erica (D:9)
  Joseph (D:9)
  A troll (D:8)
  A hippogriff (D:8)
  A vampire (D:9)
  A wyvern (D:8)
  A water moccasin (D:8)
  Duvessa (D:6)
  3 orc warriors
  2 ice beasts (D:7)
  3 sky beasts
  2 necrophages
  5 phantoms
  6 centaurs
  5 ogres
  A crocodile (D:7)
  A big kobold (D:7)
  2 bullfrogs
  A gnoll sergeant (D:10)
  Dowan (D:6)
  3 scorpions
  6 killer bees (D:9)
  A troll zombie (D:10)
  2 howler monkeys
  A bullfrog zombie (D:8)
  A centaur skeleton (D:4)
  5 crimson imps
  4 jellies
  4 hounds
  2 orc priests
  A gnoll shaman (D:6)
  A bullfrog skeleton (D:5)
  4 iguanas
  5 orc wizards
  4 worker ants
  4 ogre zombies (D:10)
  A hound zombie (D:6)
  A hound skeleton (D:8)
  2 worker ant zombies
  A howler monkey zombie (D:5)
  7 gnolls
  6 adders
  3 shadow imps
  6 oozes
  An adder skeleton (D:4)
  2 worms (D:2)
  4 dart slugs
  3 leopard geckos
  22 orcs
  3 ball pythons
  A giant cockroach (D:2)
  3 goblins (D:1)
  9 hobgoblins
  2 jackals (D:5)
  3 quokkas
  6 bats
  6 frilled lizards
  A hobgoblin skeleton (D:10)
  2 hobgoblin zombies (D:10)
  7 kobolds
  A leopard gecko skeleton (D:7)
  An orc skeleton (D:10)
  4 orc zombies (D:10)
  5 rats
201 creatures vanquished.

Vanquished Creatures (others)
  A plant (D:8)
1 creature vanquished.

Grand Total: 202 creatures vanquished

Notes
Turn   | Place    | Note
-------+----------+-------------------------------------------
     0 | D:1      | Madoushi the Gargoyle Earth Elementalist began the quest
                  | for the Orb.
     0 | D:1      | Reached XP level 1. HP: 10/10 MP: 3/3
   387 | D:1      | Reached XP level 2. HP: 15/15 MP: 5/5
   614 | D:1      | Reached skill level 4 in Earth Magic
  1848 | D:1      | Reached skill level 1 in Unarmed Combat
  1892 | D:1      | Reached XP level 3. HP: 19/19 MP: 6/6
  2158 | D:2      | Found a snail-covered altar of Cheibriados.
  2158 | D:2      | Found a hazy altar of Hepliaklqana.
  2158 | D:2      | Found a hide-covered altar of Uskayaw.
  2158 | D:2      | Found an ancient bone altar of Kikubaaqudgha.
  3172 | D:3      | Found a radiant altar of Vehumet.
  3197 | D:3      | Reached XP level 4. HP: 23/24 MP: 7/7
  3356 | D:3      | Found an iron altar of Okawaru.
  3481 | D:3      | Found a basalt altar of Yredelemnul.
  3751 | D:4      | Reached XP level 5. HP: 11/28 MP: 1/8
  4038 | D:4      | Got an ichor-stained mace
  4039 | D:4      | Identified the +3 mace of Ycepsoul {elec, *Contam rPois
                  | rF++ Stlth+} (You found it on level 4 of the Dungeon)
  4430 | D:4      | Got a transparent leather armour
  4441 | D:4      | Identified the +3 leather armour "Cagiepn" {+Fly MP+9
                  | Str+3} (You found it on level 4 of the Dungeon)
  4495 | D:4      | Reached XP level 6. HP: 16/33 MP: 10/10
  4674 | D:5      | Entered Level 5 of the Dungeon
  4693 | D:5      | Reached skill level 1 in Fighting
  4693 | D:5      | Reached skill level 1 in Maces & Flails
  4720 | D:5      | Reached skill level 1 in Armour
  4752 | D:5      | Reached XP level 7. HP: 34/38 MP: 11/11
  4770 | D:5      | Got a glittering turquoise ring
  5473 | D:5      | Found an ornate altar of the Wu Jian Council.
  5545 | D:5      | Identified the ring "Peqoucae" {rPois rN+ Stlth+} (You
                  | found it on level 5 of the Dungeon)
  5588 | D:6      | Reached XP level 8. HP: 30/44 MP: 12/12
  5635 | D:6      | Reached skill level 5 in Earth Magic
  5692 | D:6      | Noticed Duvessa
  5692 | D:6      | Noticed Dowan
  5718 | D:6      | Killed Duvessa
  5718 | D:6      | Reached skill level 5 in Stealth
  5731 | D:6      | Killed Dowan
  5746 | D:6      | Found a shimmering blue altar of Sif Muna.
  6042 | D:6      | Reached skill level 1 in Evocations
  6365 | D:6      | Reached skill level 6 in Earth Magic
  6647 | D:6      | Reached XP level 9. HP: 48/48 MP: 15/15
  6733 | D:6      | Found a stormy altar of Qazlal.
  6905 | D:7      | Found a staircase to the Ecumenical Temple.
  7011 | Temple   | Entered the Ecumenical Temple
  7202 | Temple   | Became a worshipper of Ashenzari the Shackled
  7354 | D:7      | Reached skill level 5 in Spellcasting
  7596 | D:7      | Found a sacrificial altar of Ru.
  7697 | D:7      | Reached skill level 5 in Maces & Flails
  8029 | D:8      | Found a bloodstained altar of Trog.
  8029 | D:8      | Noticed a troll
  8041 | D:8      | Killed a troll
  8170 | D:8      | Reached skill level 7 in Earth Magic
  8191 | D:8      | Reached * piety under Ashenzari
  8485 | D:8      | Reached XP level 10. HP: 54/56 MP: 18/18
  8488 | D:8      | Found a staircase to the Lair.
  8826 | D:8      | Found a glowing golden altar of the Shining One.
  8980 | D:9      | Noticed Erica
  9001 | D:9      | Killed Erica
  9314 | D:9      | Noticed Joseph
  9329 | D:9      | Killed Joseph
  9871 | D:10     | Entered Level 10 of the Dungeon
 10129 | D:10     | Reached skill level 5 in Dodging
 10631 | D:10     | Found a staircase to the Orcish Mines.
 10665 | D:10     | Noticed Snorg
 10680 | D:10     | Reached skill level 8 in Earth Magic
 10686 | D:10     | HP: 2/58 [orc priest/divine providence (9)]
 10696 | D:10     | Killed from afar by an orc priest

Levels and vault maps discovered:
D:1:      dpeg_arrival_shrine, layout_basic
D:2:      layout_loops_cross, chequers_temple_overflow_statue_of_worship,
          first_ration, minmay_tiny_reverse_x
D:3:      layout_rooms, lemuel_crystal_altar, okawaru_gym_becter,
          nicolae_overflow_crystal_walls, serial_forest,
          infiniplex_forest_clump_long, infiniplex_forest_end_2,
          infiniplex_forest_clump_medium, infiniplex_forest_corner_2,
          infiniplex_forest_straight_3, small_statue_intersection
D:4:      layout_basic
D:5:      layout_loops_ring, marbit_many_paths
D:6:      layout_rooms, kennysheep_little_box, basic_altar, uniq_duvessa
D:7:      layout_loops_cross, nicolae_ru_sacrificial_ziggurat,
          minmay_temple_entry_butterflies
D:8:      layout_rooms, overflow_temple_1_default, dpeg_oklobed_lair,
          minmay_misc_feat_tiny, hangedman_little_slice_of_home,
          nicolae_tso_carved_into_rock
D:9:      layout_irregular_city, uniq_erica, uniq_joseph
D:10:     layout_cave_pods, zombieorc2_lemuel, serial_glass, glass_columns_a,
          glass_columns_c, glass_columns_b, glass_columns_a, glass_columns_a,
          glass_columns_b, uniq_snorg
Temple:   pf_slime_end_temple

Skill      XL: |  1  2  3  4  5  6  7  8  9 10 |
---------------+-------------------------------+-----
Earth Magic    | 4 6 7 8 |  8.1
Unarmed Combat | 1 2 3 |  3.5
Dodging        | 2 3 4 5 |  5.1
Stealth        | 3 4 5 6 |  6.7
Fighting       | 1 2 3 4 |  4.9
Maces & Flails | 2 3 4 6 7 |  7.5
Armour         | 1 2 3 4 |  4.4
Spellcasting   | 3 4 5 6 |  6.5
Evocations     | 1 |  1.4
Transmutations | |  0.7

Action                   |  1- 3 |  4- 6 |  7- 9 | 10-12 || total
-------------------------+-------+-------+-------+-------++-------
Melee: Unarmed           |   186 |    57 |       |       ||   243
       Punch             |     1 |     1 |     1 |     3 ||     6
       Mace              |       |    77 |   182 |   221 ||   480
Throw: Stone             |       |       |       |     1 ||     1
 Cast: Sandblast         |     9 |    11 |    74 |    68 ||   162
Invok: Curse Item        |       |       |     1 |       ||     1
Evoke: Wand              |       |       |    15 |     2 ||    17
  Use: Scroll            |     2 |     2 |     8 |       ||    12
       Potion            |       |       |     3 |     4 ||     7
 Stab: Sleeping          |     2 |     3 |    17 |     2 ||    24
  Eat: Ration            |     2 |     1 |     2 |       ||     5
       Chunk             |       |     2 |     5 |     7 ||    14
Armor: Robe              |    67 |    25 |       |       ||    92
       Leather armour    |       |    34 |   138 |   191 ||   363
Dodge: Dodged            |   137 |    84 |   158 |   160 ||   539
Block: Other             |       |       |       |    47 ||    47
       Reflection        |       |       |       |     6 ||     6
